 Dungeon Crawl Stone Soup version 0.23.2-40-g277498a001 (webtiles) character file.

Game seed: 1672893808766398364

937 Delarado the Slinger (level 8, -5/49 HPs)
             Began as a Halfling Hunter on Sept 19, 2019.
             Was a Believer of Okawaru.
             Slain by a yak (8 damage)
             ... on level 5 of the Dungeon.
             The game lasted 00:22:16 (4557 turns).

Delarado the Slinger (Halfling Hunter)              Turns: 4557, Time: 00:22:17

Health: -5/49      AC:  4    Str: 15    XL:     8   Next: 34%
Magic:  8/8        EV: 16    Int: 11    God:    Okawaru [**....]
Gold:   258        SH:  0    Dex: 15    Spells: 7/7 levels left

rFire    . . .     SeeInvis +   a - +2 hunting sling
rCold    . . .     Gourm    .   (shield restricted)
rNeg     . . .     Faith    .   c - +0 leather armour
rPois    .         Spirit   .   d - +1 hat
rElec    .         Reflect  .   (no cloak)
rCorr    .         Harm     .   (no gloves)
MR       .....                  (no boots)
Stlth    ++........             v - amulet of magic regeneration
HPRegen  0.16/turn              r - +2 ring of intelligence
MPRegen  0.36/turn              E - ring of see invisible

@: no status effects
A: small, mutation resistance 1
a: Heroism, Renounce Religion


You were on level 5 of the Dungeon.
You worshipped Okawaru.
Okawaru was pleased with you.
You were not hungry.

You visited 1 branch of the dungeon, and saw 5 of its levels.

You collected 258 gold pieces.

Inventory:

Hand Weapons
 a - a +2 hunting sling (weapon)
 b - a +0 short sword
 e - a +0 whip of pain
 n - a +2 mace of protection
Missiles
 h - 294 stones (quivered)
 x - 4 tomahawks
Armour
 c - a +0 leather armour (worn)
 d - a +1 hat (worn)
 j - a +0 leather armour
 o - a +1 hat
 D - a +0 helmet
Jewellery
 r - a +2 ring of intelligence (left hand)
 v - an amulet of magic regeneration (around neck)
 E - a ring of see invisible (right hand)
Wands
 y - a wand of polymorph (2)
 B - a wand of random effects (19)
 F - a wand of flame (6)
Scrolls
 g - 2 scrolls of enchant weapon
 i - 2 scrolls of amnesia {unknown}
 l - 6 scrolls of teleportation
 m - 2 scrolls of blinking {unknown}
 p - a scroll of magic mapping {unknown}
 q - 5 scrolls of remove curse
 t - a scroll of fear {unknown}
 z - a scroll of enchant armour {unknown}
 C - a scroll of immolation
Potions
 k - 3 potions of brilliance {unknown}
 s - 2 potions of lignification {unknown}
 u - 3 potions of curing {unknown}
 w - 2 potions of degeneration {unknown}
 A - a potion of agility {unknown}
Comestibles
 f - 9 rations
 H - 2 chunks of flesh


   Skills:
 - Level 1.7 Fighting
 - Level 12.1 Slings
 + Level 3.3 Armour
 + Level 4.1 Dodging
 - Level 1.1 Stealth


You had 7 spell levels left.
You didn't know any spells.
Your spell library was empty.

Dungeon Overview and Level Annotations

Branches:
Dungeon (5/15)
 Temple: D:4-7

Altars:
Okawaru

Annotations:
D:4 Pikel


Innate Abilities, Weirdness & Mutations

You are small and have problems with some larger weapons.
You are somewhat resistant to further mutation.


Message History

The yak is heavily wounded.
The yak gores you!
* * * LOW HITPOINT WARNING * * *
Firing (i - inventory. (/) - cycle)
h - 297 stones (quivered)
Press: ? - help, Shift-Dir - straight line, f/p - yak
Aim: a yak (heavily wounded)
You shoot a stone. The stone hits the yak!
The yak is severely wounded.
Firing (i - inventory. (/) - cycle)
h - 296 stones (quivered)
Press: ? - help, Shift-Dir - straight line, f/p - yak
Aim: a yak (severely wounded)
You shoot a stone. The stone closely misses the yak.
The yak gores you.
* * * LOW HITPOINT WARNING * * *
Firing (i - inventory. (/) - cycle)
h - 295 stones (quivered)
Press: ? - help, Shift-Dir - straight line, f/p - yak
Aim: a yak (severely wounded)
You shoot a stone. The stone hits the yak.
The yak is almost dead.
The yak gores you!
You die...

................
#....................
#....................## #.
#.................# ..# #.#
#.................#.... ..
#................##..#.
#.##...................... .##
#..#......................
...###.(.....Y@...........##.##
.........#...(...........###.##
............(........##..##....
#..........(....^...###........
#..##....(........####..)....#
##...(#........# #.........
##..รท..####.........##....#.
##...(.)# ##..###... ###.###
#.....#.# #..# ##.. #..#


You could see a yak.

Vanquished Creatures
  Sigmund (D:4)
  2 yaks (D:5)
  An ice beast (D:5)
  A centaur (D:5)
  A howler monkey (D:5)
  A bullfrog zombie (D:5)
  An orc priest (D:4)
  An iguana (D:3)
  Ijyb (D:5)
  An orc wizard (D:3)
  8 adders
  An ooze (D:3)
  An adder skeleton (D:4)
  2 worms (D:2)
  4 dart slugs
  A leopard gecko (D:5)
  6 orcs
  2 giant cockroaches
  A goblin (D:3)
  4 hobgoblins
  A ball python (D:2)
  5 bats
  3 frilled lizards
  A giant cockroach zombie (D:5)
  8 kobolds
  6 rats
65 creatures vanquished.

Notes
Turn   | Place    | Note
-------+----------+-------------------------------------------
     0 | D:1      | Delarado the Halfling Hunter began the quest for the Orb.
     0 | D:1      | Reached XP level 1. HP: 14/14 MP: 1/1
    70 | D:1      | Reached skill level 6 in Slings
   148 | D:1      | Reached XP level 2. HP: 19/19 MP: 2/2
   842 | D:2      | Reached skill level 7 in Slings
   842 | D:2      | Reached XP level 3. HP: 24/24 MP: 3/3
  1102 | D:2      | Found an iron altar of Okawaru.
  1295 | D:2      | Reached XP level 4. HP: 21/29 MP: 4/4
  1659 | D:2      | Reached skill level 8 in Slings
  1928 | D:2      | Became a worshipper of Warmaster Okawaru
  2068 | D:3      | Reached XP level 5. HP: 27/34 MP: 5/5
  2258 | D:3      | Reached skill level 9 in Slings
  2318 | D:3      | Found a faded altar of an unknown god.
  2897 | D:4      | Reached XP level 6. HP: 39/39 MP: 6/6
  3135 | D:4      | Noticed Pikel
  3135 | D:4      | Noticed a slave
  3135 | D:4      | Noticed a slave
  3251 | D:4      | Noticed Sigmund
  3295 | D:4      | Killed Sigmund
  3295 | D:4      | Reached * piety under Okawaru
  3295 | D:4      | Reached skill level 10 in Slings
  3840 | D:5      | Entered Level 5 of the Dungeon
  3962 | D:5      | Reached skill level 11 in Slings
  3962 | D:5      | Reached XP level 7. HP: 30/44 MP: 7/7
  4324 | D:5      | Reached skill level 1 in Armour
  4397 | D:5      | Noticed Ijyb
  4432 | D:5      | Killed Ijyb
  4518 | D:5      | Noticed a yak
  4519 | D:5      | Noticed a yak
  4533 | D:5      | Noticed a yak
  4537 | D:5      | Killed a yak
  4537 | D:5      | Reached ** piety under Okawaru
  4537 | D:5      | Reached skill level 12 in Slings
  4537 | D:5      | Reached XP level 8. HP: 49/49 MP: 6/8
  4547 | D:5      | Killed a yak
  4557 | D:5      | Slain by a yak

Skill      XL: |  1  2  3  4  5  6  7  8 |
---------------+-------------------------+-----
Slings         | 6 7 8 9 11 12 | 12.1
Armour         | 2 3 |  3.3
Dodging        | 3 4 |  4.1
Fighting       | |  1.7
Stealth        | |  1.1

Action                   |  1- 3 |  4- 6 |  7- 9 || total
-------------------------+-------+-------+-------++-------
Melee: Mace              |     7 |    21 |     1 ||    29
       Whip              |       |    29 |       ||    29
 Fire: Hunting sling     |    71 |   119 |    78 ||   268
Invok: Heroism           |       |       |     1 ||     1
  Use: Scroll            |     1 |     5 |       ||     6
  Eat: Chunk             |     1 |     5 |     1 ||     7
       Ration            |       |     1 |       ||     1
Armor: Leather armour    |    10 |    11 |     1 ||    22
       Skin              |       |       |     2 ||     2
Dodge: Dodged            |    24 |    49 |    18 ||    91
